 Dungeon Sprint DCSS version 0.23.0-28-g6fe0f4d (webtiles) character file.

Game seed: 0

4461 Fang the Fighter (level 10, -1/73 HPs)
             Began as a Gargoyle Berserker on Feb 25, 2019.
             Was the Champion of Trog.
             Killed from afar by a deep elf mage (3 damage)
             ... with a bolt of lightning
             ... in the Dungeon (Sprint VII: "The Pits").
             The game lasted 00:04:19 (1589 turns).

Fang the Fighter (Gargoyle Berserker)               Turns: 1589, Time: 00:04:20

Health: -1/73      AC: 24    Str: 27    XL:     10   Next: 37%
Magic:  3/3        EV: 12    Int: 11    God:    Trog [******]
Gold:   0          SH:  0    Dex:  9    Spells: 9/9 levels left

rFire    . . .     SeeInvis .   b - +3 executioner's axe (antimagic)
rCold    . . .     Gourm    .   (shield currently unavailable)
rNeg     + . .     Faith    .   n - +0 plate armour
rPois    ∞         Spirit   .   t - +0 helmet
rElec    +         Reflect  .   (no cloak)
rCorr    .         Harm     .   (no gloves)
MR       .....     NoTele   +   (no boots)
Stlth    ..........             (no amulet)
HPRegen  0.22/turn              p - +3 ring of strength
MPRegen  0.08/turn              r - +3 ring of intelligence

@: no status effects
A: negative energy resistance 1, electricity resistance, unbreathing,
petrification resistance, rot immunity, AC +7
a: Berserk, Trog's Hand, Brothers in Arms, Renounce Religion


You were in the Dungeon.
You worshipped Trog.
Trog was exalted by your worship.
You were not hungry.

You visited 1 branch

Inventory:

Hand Weapons
 b - a +3 antimagic executioner's axe (weapon)
 j - a +2 hand axe
 m - a +4 hand axe of chopping
 s - a +2 war axe of freezing
Armour
 n - a +0 plate armour (worn)
 t - a +0 helmet (worn)
Jewellery
 p - a +3 ring of strength (left hand)
 r - a +3 ring of intelligence (right hand)
Scrolls
 i - a scroll of blinking
 k - 3 scrolls of remove curse
 l - a scroll of summoning
Potions
 a - 2 potions of invisibility
 d - 7 potions of curing
 e - 7 potions of heal wounds
 f - a potion of haste
 g - 4 potions of magic
 h - 3 potions of berserk rage
 q - 3 potions of agility
Comestibles
 c - 9 rations


   Skills:
 + Level 13.2 Fighting
 + Level 11.4 Axes
 + Level 13.1 Armour
 + Level 10.4 Dodging


You had 9 spell levels left.
You didn't know any spells.
Your spell library was empty.

Dungeon Overview and Level Annotations

Branches:
Dungeon (1/1)

Altars:
Gozag
Hepliaklqana
Sif Muna
Trog
Jiyva


Innate Abilities, Weirdness & Mutations

You are resistant to torment.
Your stone body is resilient. (AC +7)
You are immune to poison.
You resist negative energy. (rN+)
You are resistant to electric shocks. (rElec)
You can survive without breathing.
You are immune to petrification.
You are immune to rotting.


Message History

The wight freezes you.
* * * LOW HITPOINT WARNING * * *
The neqoxec hits you but does no damage.
You slice the neqoxec!!
You kill the neqoxec!
Trog accepts your kill.
The shadow imp disappears in a puff of smoke!
The quasit disappears in a puff of smoke!
You hit the wight but do no damage. The wight hits you but does no damage.
The wight hits you with a +3 battleaxe of freezing.
* * * LOW HITPOINT WARNING * * *
The wight freezes you.
* * * LOW HITPOINT WARNING * * *
The deep elf mage gestures at you while chanting.
The bolt of lightning hits you. You resist.
* * * LOW HITPOINT WARNING * * *
The wight hits you but does no damage.
The deep elf mage gestures at you while chanting.
The bolt of lightning hits you. You resist.
You die...

......# ......+
......+ ......#
......# '######
'################ ###
.#......)[).....###..#
.##...[)..)(e.†.@#..#
.####..)#[######z).#
.#..#####.## ##z##
.#....##...# #§r§#
.))....#...# #.z.#
.')....'...+ +...Y.
.))....#...# #...#...
.#....##...#
#...#.....
.#..#####.## ##+##
#.#.


You could see a deep elf mage, a dream sheep, a hell rat and 3 wights.

Vanquished Creatures
  A phantasmal warrior (D)
  An orc knight (D)
  An elephant (D)
  A merfolk siren (D)
  An ice devil (D)
  A freezing wraith (D)
  A hellwing (D)
  A red devil (D)
  A dream sheep (D)
  A tarantella (D)
  A wraith (D)
  A neqoxec (D)
  A warg (D)
  A floating eye (D)
  Purgy (D)
  An orc warrior (D)
  A swamp drake (D)
  A wolf (D)
  2 crocodiles (D)
  A quasit (D)
  A jelly (D)
  2 orc priests (D)
  3 orc wizards (D)
  2 worker ants (D)
  A mummy (D)
  A gnoll (D)
  A white imp (D)
  2 ufetubi (D)
  An ooze (D)
  8 orcs (D)
  2 bats (D)
  A bat skeleton (D)
  A hobgoblin (D)
  4 jackals (D)
  2 ball pythons (D)
  2 frilled lizards (D)
  A quokka skeleton (D)
56 creatures vanquished.

Vanquished Creatures (collateral kills)
  A black mamba (D)
  A red devil (D)
  2 dream sheep (D)
  A wight (D)
5 creatures vanquished.

Vanquished Creatures (others)
  An orc priest (D)
  An orc (D)
2 creatures vanquished.

Grand Total: 63 creatures vanquished

Notes
Turn   | Place    | Note
-------+----------+-------------------------------------------
     0 | D        | Fang the Gargoyle Berserker began the quest for the Orb.
     0 | D        | Reached XP level 1. HP: 14/14 MP: 1/1
    11 | D        | Noticed a floating eye
    17 | D        | Paralysed by a floating eye for 4 turns
    21 | D        | Killed a floating eye
    21 | D        | Reached skill level 5 in Fighting
    21 | D        | Reached skill level 5 in Armour
    21 | D        | Reached XP level 2. HP: 22/22 MP: 2/2
    21 | D        | Reached XP level 3. HP: 27/27 MP: 3/3
    21 | D        | Reached XP level 4. HP: 32/32 MP: 4/4
    25 | D        | Found a bloodstained altar of Trog.
    25 | D        | Found a deep blue altar of Sif Muna.
    25 | D        | Found a viscous altar of Jiyva.
    25 | D        | Found a hazy altar of Hepliaklqana.
    25 | D        | Found an opulent altar of Gozag.
    60 | D        | Reached ** piety under Trog
    80 | D        | Reached skill level 5 in Axes
    87 | D        | Reached XP level 5. HP: 30/36 MP: 5/5
   148 | D        | Reached *** piety under Trog
   446 | D        | Noticed Purgy
   450 | D        | Reached **** piety under Trog
   455 | D        | Killed Purgy
   455 | D        | Reached skill level 5 in Dodging
   455 | D        | Reached XP level 6. HP: 44/44 MP: 6/6
   459 | D        | Reached ***** piety under Trog
   596 | D        | Noticed a tarantella
   611 | D        | Killed a tarantella
   611 | D        | Received a gift from Trog
   611 | D        | Reached XP level 7. HP: 33/50 MP: 7/7
   977 | D        | Noticed a wraith
   986 | D        | Killed a wraith
   986 | D        | Received a gift from Trog
   986 | D        | Reached XP level 8. HP: 48/57 MP: 8/8
  1143 | D        | Noticed an ice devil
  1143 | D        | Noticed a phantasmal warrior
  1148 | D        | Reached ****** piety under Trog
  1149 | D        | Reached skill level 10 in Fighting
  1154 | D        | Killed a phantasmal warrior
  1154 | D        | Reached skill level 10 in Armour
  1158 | D        | Killed an ice devil
  1158 | D        | Received a gift from Trog
  1323 | D        | Noticed a hellwing
  1333 | D        | Reached XP level 9. HP: 64/64 MP: 9/9
  1336 | D        | Received a gift from Trog
  1338 | D        | Killed a hellwing
  1487 | D        | Noticed an orc knight
  1487 | D        | Noticed an elephant
  1491 | D        | Noticed a merfolk siren
  1494 | D        | Reached skill level 10 in Axes
  1502 | D        | Killed an elephant
  1503 | D        | Killed an orc knight
  1514 | D        | Killed a merfolk siren
  1514 | D        | Received a gift from Trog
  1514 | D        | Reached XP level 10. HP: 55/72 MP: 3/10
  1550 | D        | Noticed a deep elf mage
  1553 | D        | Noticed a black mamba
  1563 | D        | Received a gift from Trog
  1563 | D        | Reached skill level 10 in Dodging
  1575 | D        | Killed a black mamba
  1578 | D        | Received a gift from Trog
  1588 | D        | HP: 2/73 [deep elf mage/bolt of lightning (5)]
  1589 | D        | Killed from afar by a deep elf mage

Skill      XL: |  1  2  3  4  5  6  7  8  9 10 |
---------------+-------------------------------+-----
Fighting       | 5 6 7 8 9 11 12 13 | 13.2
Axes           | 4 5 6 7 8 9 10 11 | 11.4
Armour         | 5 6 8 9 10 12 13 | 13.1
Dodging        | 4 5 6 7 8 9 10 | 10.4

Action                   |  1- 3 |  4- 6 |  7- 9 | 10-12 || total
-------------------------+-------+-------+-------+-------++-------
Melee: Hand axe          |     5 |    64 |    55 |       ||   124
       Executioner's axe |       |       |    24 |    24 ||    48
Invok: Berserk           |       |     3 |     3 |       ||     6
       Brothers in Arms  |       |       |       |     2 ||     2
  Use: Potion            |       |       |       |     1 ||     1
  Eat: Chunk             |       |     1 |     6 |     2 ||     9
Armor: Animal skin       |       |    12 |       |       ||    12
       Ring mail         |       |    24 |    12 |       ||    36
       Chain mail        |       |       |    19 |       ||    19
       Plate armour      |       |       |    19 |    36 ||    55
Dodge: Dodged            |       |    37 |    50 |    40 ||   127
